Map: [ESL] Cosmic Sapphire

Players

ArT

  • Race: Protoss Protoss
  • Spawn Location: 11:00

GunGFuBanDa - Winner!

  • Race: Protoss Protoss
  • Spawn Location: 5:00

Event: DreamHack SC2 Masters 2022 Atlanta (Online)

VOD

Have the link to the VOD?

Description

Time

  • Played on: Oct. 7, 2022, 11:19 a.m.
  • Length: 23:54

All games in this series

Show
View Real Time Build Order
Export as new Build Order

ArT Protoss 

Build Orders: 1 Gate Expand, Zealot Archon 

Get SALT Encoding   

  12  0:00  Probe  
  13  0:12  Probe  
  14  0:19  Pylon  
  14  0:24  Probe  
  15  0:37  Probe (Chrono Boost)  
  15  0:39  Gateway  
  16  0:46  Probe (Chrono Boost)  
  16  0:47  Assimilator  
  17  0:51  Probe (Chrono Boost)  
  18  1:03  Probe  
  19  1:16  Probe  
  20  1:22  Nexus  
  20  1:33  Cybernetics Core  
  20  1:35  Probe  
  21  1:41  Assimilator  
  21  1:47  Probe  
  21  1:51  Pylon  
  22  1:59  Probe  
  23  2:06  Warp Gate (Chrono Boost), Stalker (Chrono Boost)  
  23  2:11  Probe  
  26  2:22  Robotics Facility  
  26  2:25  Probe  
  27  2:33  Stalker  
  29  2:37  Probe  
  29  2:38  Probe  
  31  2:45  Shield Battery  
  31  2:50  Probe  
  31  2:51  Probe  
  33  3:03  Probe x2, Stalker  
  37  3:14  Immortal (Chrono Boost)  
  40  3:21  Probe  
  40  3:22  Probe  
  42  3:29  Gateway  
  42  3:35  Pylon  
  42  3:37  Probe  
  42  3:38  Probe  
  44  3:48  Stalker  
  44  3:53  Observer  
  44  3:55  Probe (Chrono Boost)  
  48  3:57  Probe (Chrono Boost)  
  48  4:01  Twilight Council  
  49  4:03  Pylon  
  49  4:09  Probe (Chrono Boost)  
  50  4:11  Stalker  
  50  4:12  Probe (Chrono Boost)  
  50  4:14  Probe (Chrono Boost)  
  50  4:15  Assimilator  
  54  4:21  Probe  
  54  4:23  Observer, Stalker  
  57  4:26  Probe  
  57  4:30  Blink (Chrono Boost)  
  58  4:38  Probe  
  59  4:40  Probe, Pylon  
  60  4:53  Nexus  
  60  4:57  Pylon  
  64  5:00  Immortal  
  64  5:01  Probe x2  
  64  5:06  Stalker  
  68  5:08  Stalker  
  68  5:13  Probe  
  70  5:15  Probe  
  70  5:16  Pylon  
  71  5:25  Forge, Probe  
  71  5:27  Probe  
  73  5:29  Shield Battery  
  73  5:33  Sentry, Stalker  
  77  5:37  Probe  
  77  5:39  Probe  
  79  5:49  Probe  
  80  5:51  Probe, Gateway  
  80  5:52  Protoss Ground Weapons Level 1 (Chrono Boost), Gateway  
  81  5:59  Charge  
  81  6:03  Pylon  
  83  6:05  Probe x2 (Chrono Boost)  
  83  6:08  Probe (Chrono Boost)  
  84  6:13  Stalker x2  
  84  6:15  Probe (Chrono Boost)  
  84  6:17  Probe (Chrono Boost)  
  84  6:18  Probe (Chrono Boost)  
  91  6:19  Photon Cannon  
  91  6:26  Probe  
  91  6:28  Gateway  
  91  6:29  Gateway x2  
  91  6:32  Gateway  
  92  6:35  Observer  
  92  6:42  Warp Prism  
  92  6:44  Templar Archives  
  94  6:47  Pylon  
  94  6:53  Zealot x4  
  102  6:56  Pylon  
  102  7:00  Probe  
  103  7:01  Probe  
  104  7:09  Photon Cannon  
  103  7:22  Nexus  
  103  7:24  High Templar, Pylon  
  103  7:25  Zealot x5, High Templar  
  117  7:30  Archon, Probe  
  117  7:33  Zealot  
  117  7:35  Pylon  
  120  7:38  Observer  
  120  7:40  Protoss Ground Weapons Level 2 (Chrono Boost)  
  120  7:43  Gateway  
  121  7:45  Zealot x3  
  121  7:46  Zealot  
  129  7:54  Pylon  
  129  7:55  Pylon  
  129  7:58  Stalker x2  
  129  8:02  Zealot x2  
  127  8:12  Warp Prism  
  117  8:22  Assimilator  
  117  8:23  Probe x2  
  117  8:24  Assimilator  
  117  8:25  Photon Cannon  
  117  8:26  Shield Battery  
  119  8:27  High Templar x2  
  119  8:28  Zealot x2  
  119  8:33  Archon  
  123  8:35  Zealot x3  
  123  8:38  Probe x2  
  123  8:40  Probe  
  126  8:46  Probe  
  127  8:50  Probe  
  128  8:56  High Templar x2  
  128  8:57  Zealot x4  
  140  9:03  Zealot x3, Archon  
  146  9:10  Gateway  
  146  9:17  Shield Battery  
  146  9:19  High Templar  
  146  9:20  Zealot x2, High Templar  
  146  9:22  Observer  
  154  9:24  Archon  
  154  9:25  Zealot x3  
  160  9:33  Pylon  
  160  9:34  Probe x2  
  160  9:36  Pylon  
  160  9:38  Observer  
  162  9:40  Protoss Ground Weapons Level 3 (Chrono Boost)  
  162  9:44  Stalker x4  
  169  9:48  Phoenix  
  169  9:51  Photon Cannon  
  168  9:55  Probe  
  169  10:03  Zealot x5  
  179  10:20  Robotics Bay  
  177  10:22  Zealot x5, Robotics Facility  
  177  10:25  Zealot  
  187  10:34  Zealot x3, High Templar  
  127  10:43  High Templar  
  127  10:44  Zealot  
  127  10:45  Zealot x2, Probe (Chrono Boost)  
  127  10:47  Assimilator  
  127  10:49  Archon, Assimilator  
  136  10:53  Zealot x2  
  142  10:58  Probe x2 (Chrono Boost)  
  142  11:00  Probe (Chrono Boost)  
  142  11:01  Probe (Chrono Boost)  
  143  11:06  Zealot x3  
  143  11:07  Zealot x2  
  143  11:08  Probe (Chrono Boost)  
  136  11:13  Disruptor (Chrono Boost)  
  136  11:18  Probe x2  
  132  11:20  Photon Cannon  
  132  11:22  Probe  
  132  11:23  Disruptor (Chrono Boost)  
  132  11:25  Observer, Probe (Chrono Boost)  
  134  11:30  High Templar x2  
  134  11:31  Zealot x7  
  152  11:36  Archon  
  152  11:39  Observer  
  153  11:41  Assimilator  
  153  11:43  Probe (Chrono Boost)  
  153  11:45  Observer  
  147  11:51  Zealot x3  
  147  11:52  Zealot x5  
  158  12:07  Disruptor (Chrono Boost), Observer (Chrono Boost)  
  158  12:15  Stalker x8  
  160  12:21  Dark Shrine  
  164  12:23  Gravitic Boosters  
  164  12:25  Observer (Chrono Boost)  
  161  12:37  Zealot x2  
  101  12:46  Disruptor (Chrono Boost)  
  101  12:50  Stalker x4  
  102  12:54  Disruptor (Chrono Boost)  
  102  13:05  Protoss Shields Level 1 (Chrono Boost)  
  102  13:08  Nexus  
  102  13:09  Pylon  
  102  13:18  Disruptor  
  105  13:22  Zealot x2, Stalker x2  
  105  13:23  Zealot x4  
  105  13:24  Disruptor (Chrono Boost)  
  124  13:32  Shadow Stride (Chrono Boost)  
  122  13:39  Probe, Pylon  
  123  13:43  Photon Cannon  
  123  13:45  Shield Battery  
  123  13:46  Photon Cannon  
  126  14:02  Shield Battery, Nexus, Zealot, Photon Cannon  
  126  14:05  Stalker x2  
  126  14:06  Stalker  
  135  14:14  Observer (Chrono Boost), Colossus (Chrono Boost)  
  138  14:21  High Templar x2  
  138  14:23  Photon Cannon  
  140  14:24  Shield Battery  
  140  14:25  Archon, High Templar x2  
  144  14:33  Archon  
  144  14:34  Zealot x2  
  144  14:35  Zealot x2  
  152  14:40  Pylon  
  152  14:48  Stargate  
  152  14:59  Protoss Air Weapons Level 1  
  156  15:05  Pylon  
  156  15:07  Unknown  
  156  15:13  Observer, Protoss Shields Level 2 (Chrono Boost)  
  150  15:19  Assimilator  
  150  15:22  Photon Cannon  
  150  15:24  Photon Cannon  
  150  15:26  Photon Cannon  
  150  15:28  Photon Cannon, High Templar x4  
  154  15:29  Gateway  
  154  15:30  Gateway  
  154  15:31  Dark Templar x4  
  154  15:33  Archon x2  
  165  15:43  Assimilator  
  165  15:45  Fleet Beacon  
  163  15:52  Stargate  
  163  16:04  Photon Cannon, Stargate  
  163  16:28  Mothership (Chrono Boost)  
  161  16:33  Photon Cannon  
  161  16:34  Tempest (Chrono Boost)  
  161  16:35  Tempest (Chrono Boost)  
  175  16:45  Tempest (Chrono Boost)  
  173  16:53  Gateway  
  178  16:57  Gateway  
  178  16:59  Pylon  
  175  17:02  Photon Cannon  
  175  17:03  Photon Cannon  
  175  17:04  High Templar x2  
  175  17:07  Photon Cannon  
  163  17:08  Archon  
  163  17:14  Observer  
  166  17:19  Tempest (Chrono Boost)  
  166  17:22  Nexus  
  171  17:24  Zealot x5  
  171  17:26  Tempest (Chrono Boost)  
  171  17:27  Pylon  
  181  17:34  Dark Templar  
  181  17:35  Tempest (Chrono Boost)  
  188  17:45  Photon Cannon  
  188  17:46  Nexus  
  188  17:48  Pylon  
  188  17:53  Protoss Air Weapons Level 2 (Chrono Boost)  
  188  18:01  Tempest (Chrono Boost)  
  198  18:06  Oracle (Chrono Boost)  
  198  18:09  Protoss Shields Level 3  
  196  18:13  Photon Cannon  
  196  18:18  Shield Battery  
  196  18:20  Photon Cannon  
  196  18:22  Photon Cannon  
  196  18:24  Zealot  
  196  18:26  Zealot  
  194  18:47  Carrier (Chrono Boost)  
  183  18:57  Carrier (Chrono Boost)  
  181  19:04  Carrier (Chrono Boost)  
  177  19:14  Cybernetics Core  
  177  19:19  Photon Cannon  
  177  19:20  Dark Templar, Pylon  
  179  19:24  Assimilator  
  179  19:25  Zealot  
  179  19:28  Assimilator  
  181  19:32  Photon Cannon  
  181  19:33  Photon Cannon  
  181  19:34  Dark Templar x2  
  185  19:39  Archon  
  171  20:13  Probe  
  170  20:15  Photon Cannon  
  170  20:20  Nexus  
  170  20:25  Probe  
  170  20:27  Pylon  
  171  20:30  Dark Shrine  
  171  20:34  Zealot  
  173  20:43  High Templar x2  
  173  20:47  Observer x2  
  173  20:48  Archon  
  179  20:50  Photon Cannon  
  164  21:06  Photon Cannon  
  164  21:08  Observer  
  164  21:10  Photon Cannon  
  158  21:14  Photon Cannon, Probe  
  150  21:29  Observer  
  140  21:56  Pylon  
  134  22:13  Pylon  
  132  22:18  Pylon  
  131  22:26  High Templar x2  
  131  22:27  High Templar x6  
  131  22:28  Nexus, High Templar x3  
  131  22:29  Observer  
  153  22:34  Archon x4  
  153  22:35  Archon  
  153  22:45  Observer  
  91  23:28  Cybernetics Core, Photon Cannon  
  91  23:30  Photon Cannon  
Show
View Real Time Build Order
Export as new Build Order

GunGFuBanDa Protoss - Winner!

Build Orders: Oracle Opening, Archon Immortal 

Get SALT Encoding   

  12  0:00  Probe  
  13  0:12  Probe  
  14  0:18  Pylon  
  14  0:24  Probe (Chrono Boost)  
  15  0:36  Gateway  
  15  0:38  Probe (Chrono Boost)  
  16  0:43  Probe (Chrono Boost)  
  16  0:46  Assimilator  
  17  0:52  Probe (Chrono Boost)  
  18  0:58  Assimilator  
  18  1:04  Probe (Chrono Boost)  
  18  1:08  Gateway  
  19  1:13  Probe (Chrono Boost)  
  20  1:18  Probe  
  20  1:23  Cybernetics Core  
  21  1:31  Probe  
  22  1:34  Pylon  
  22  1:43  Probe  
  23  2:00  Warp Gate, Stalker x2  
  27  2:03  Probe  
  28  2:20  Stargate  
  28  2:22  Probe  
  29  2:34  Probe  
  29  2:36  Pylon  
  29  2:51  Nexus  
  29  2:57  Probe  
  30  3:01  Oracle (Chrono Boost)  
  33  3:09  Probe (Chrono Boost)  
  34  3:22  Probe (Chrono Boost)  
  34  3:26  Pylon  
  35  3:30  Probe (Chrono Boost)  
  35  3:31  Oracle  
  39  3:37  Robotics Facility  
  39  3:44  Probe  
  40  3:58  Probe (Chrono Boost)  
  41  4:03  Sentry  
  41  4:04  Probe (Chrono Boost)  
  41  4:07  Shield Battery  
  45  4:13  Probe x2 (Chrono Boost)  
  46  4:20  Probe (Chrono Boost)  
  46  4:22  Forge  
  46  4:23  Probe (Chrono Boost)  
  48  4:28  Probe (Chrono Boost)  
  49  4:31  Immortal  
  49  4:33  Probe (Chrono Boost)  
  49  4:34  Probe  
  49  4:36  Assimilator  
  55  4:45  Probe  
  56  4:47  Probe  
  56  4:48  Protoss Ground Weapons Level 1, Assimilator  
  57  4:57  Probe  
  58  5:00  Probe  
  58  5:01  Twilight Council, Pylon  
  58  5:03  Stalker  
  61  5:16  Immortal (Chrono Boost)  
  65  5:26  Stalker  
  67  5:29  Pylon  
  67  5:36  Nexus  
  67  5:41  Charge (Chrono Boost)  
  67  5:42  Probe x2  
  69  5:49  Observer  
  70  5:54  Shield Battery, Probe  
  70  5:55  Probe  
  72  5:57  Adept x2  
  76  6:06  Gateway, Probe  
  76  6:08  Gateway  
  77  6:14  Pylon  
  77  6:18  Probe  
  78  6:32  Immortal, Probe x2, Pylon  
  84  6:39  Zealot  
  86  6:42  Templar Archives  
  86  6:44  Gateway  
  86  6:47  Probe x2  
  86  6:51  Gateway, Probe  
  89  6:54  Protoss Ground Weapons Level 2 (Chrono Boost)  
  89  6:59  Probe x2  
  91  7:04  Probe  
  92  7:12  Probe x2  
  92  7:15  Zealot x3  
  100  7:16  Probe  
  100  7:17  Pylon  
  100  7:22  Assimilator  
  101  7:24  Probe  
  101  7:25  Zealot, Pylon  
  104  7:31  Probe  
  104  7:33  Probe  
  104  7:36  Probe  
  107  7:37  Immortal  
  107  7:38  High Templar x2  
  107  7:39  Shield Battery  
  107  7:41  Shield Battery  
  107  7:43  Archon  
  109  7:48  High Templar x2  
  109  7:49  Zealot  
  119  7:53  Zealot, Archon  
  121  8:03  Photon Cannon  
  115  8:15  Zealot x3  
  113  8:21  Zealot x3  
  113  8:22  Warp Prism  
  113  8:24  Gateway  
  113  8:26  Blink  
  121  8:27  Gateway  
  121  8:41  High Templar x2  
  123  8:45  Photon Cannon  
  123  8:47  Pylon  
  125  8:49  Pylon  
  125  8:50  Archon, Assimilator, Pylon  
  125  8:51  Nexus  
  125  8:54  Pylon  
  125  9:03  Protoss Ground Weapons Level 3 (Chrono Boost)  
  125  9:04  Immortal  
  129  9:10  Phoenix  
  129  9:13  High Templar  
  129  9:14  High Templar  
  129  9:16  Probe  
  136  9:19  Pylon  
  136  9:22  Zealot x4, Stargate  
  136  9:23  Archon  
  144  9:32  Photon Cannon  
  144  9:36  Shield Battery  
  144  9:37  Probe x2  
  146  9:39  Phoenix  
  146  9:43  Observer  
  148  9:49  Zealot x5  
  158  9:55  High Templar x2  
  158  9:56  Zealot  
  164  10:01  Archon  
  164  10:09  Shield Battery  
  164  10:12  Zealot, High Templar x2  
  164  10:13  Zealot x2  
  174  10:17  Archon  
  174  10:23  Probe  
  141  10:35  Zealot  
  141  10:36  Zealot x5  
  129  10:48  Zealot x2  
  133  10:50  Pylon  
  133  10:56  Stalker  
  133  10:57  Stalker x5  
  141  10:59  Probe  
  141  11:00  Probe x2  
  148  11:09  Zealot  
  148  11:10  Zealot  
  135  11:11  Probe x2  
  135  11:13  Probe x2  
  134  11:22  Shield Battery  
  134  11:27  Stalker x6  
  134  11:30  Probe  
  147  11:33  Photon Cannon  
  147  11:34  Photon Cannon  
  147  11:37  Shield Battery, High Templar x2  
  150  11:42  Archon  
  150  11:46  Protoss Shields Level 1 (Chrono Boost)  
  146  11:55  Stalker x4  
  146  11:56  Stalker x2  
  146  11:57  Shield Battery, Probe  
  146  11:59  Pylon  
  156  12:12  Phoenix x2  
  150  12:15  Zealot  
  150  12:16  Zealot  
  150  12:21  Zealot x2  
  150  12:22  Zealot x4  
  142  12:40  Zealot x2  
  142  12:43  Zealot x6  
  131  12:51  Probe  
  131  12:56  Probe x2  
  133  13:00  Phoenix x2, High Templar x2  
  141  13:07  Archon  
  141  13:09  Nexus, Protoss Air Weapons Level 1 (Chrono Boost)  
  141  13:10  High Templar x2  
  141  13:11  Zealot, High Templar x2, Pylon  
  141  13:12  Zealot  
  153  13:16  Phoenix  
  153  13:17  Phoenix  
  153  13:19  Archon x2  
  152  13:26  Assimilator  
  156  13:29  Assimilator  
  156  13:30  Dark Shrine  
  152  13:34  Zealot, High Templar x2  
  152  13:35  Zealot  
  152  13:39  Photon Cannon  
  160  13:42  Shield Battery  
  160  13:43  Archon  
  160  13:44  Pylon  
  160  13:52  Gateway x2  
  160  13:56  Protoss Shields Level 2 (Chrono Boost)  
  160  13:59  Zealot  
  160  14:01  High Templar x2  
  160  14:02  Zealot x3  
  172  14:09  Archon, Probe  
  172  14:18  Zealot x2  
  176  14:31  Pylon  
  176  14:32  Photon Cannon  
  176  14:33  Photon Cannon  
  176  14:34  Zealot x3  
  176  14:35  Shadow Stride, Zealot x3  
  186  14:40  Fleet Beacon  
  186  14:42  Zealot x2  
  190  14:49  Unknown  
  189  15:06  Zealot x5  
  199  15:08  Shield Battery  
  199  15:10  Photon Cannon, Pylon  
  195  15:37  Carrier (Chrono Boost)  
  197  15:44  Protoss Air Weapons Level 2 (Chrono Boost)  
  194  15:52  Carrier (Chrono Boost)  
  199  16:09  Observer  
  194  16:26  Probe  
  194  16:27  Zealot x3  
  194  16:28  Carrier (Chrono Boost)  
  192  16:41  Carrier (Chrono Boost)  
  192  16:53  Zealot  
  196  17:09  Photon Cannon  
  196  17:13  Photon Cannon  
  196  17:14  Photon Cannon  
  196  17:19  Photon Cannon, Pylon  
  196  17:24  Photon Cannon  
  196  17:25  Photon Cannon  
  196  17:28  Pylon  
  196  17:29  Protoss Shields Level 3 (Chrono Boost)  
  196  17:39  Anion Pulse-Crystals (Chrono Boost)  
  196  17:44  Warp Prism (Chrono Boost)  
  196  17:45  Protoss Air Weapons Level 3 (Chrono Boost)  
  198  17:53  Robotics Bay  
  198  17:55  Stargate  
  198  17:56  Robotics Facility  
  198  18:01  Nexus  
  198  18:03  Dark Templar, Photon Cannon  
  198  18:05  Photon Cannon  
  200  18:06  Photon Cannon  
  200  18:07  Photon Cannon  
  200  18:08  Shield Battery, Photon Cannon, Pylon  
  200  18:10  Photon Cannon  
  200  18:12  Photon Cannon  
  200  18:15  Unknown  
  191  18:52  Oracle (Chrono Boost)  
  191  18:53  Gravitic Boosters  
  194  19:00  Nexus  
  190  19:25  Nexus, Pylon  
  188  19:37  Pylon  
  186  19:40  Gravitic Drive  
  176  19:53  Stalker x6  
  176  19:54  Stalker x4  
  178  20:02  Unknown  
  170  20:11  Tempest (Chrono Boost)  
  170  20:12  Tempest (Chrono Boost)  
  180  20:22  Tempest (Chrono Boost)  
  180  20:23  Protoss Air Armor Level 1  
  178  20:28  Dark Templar x3  
  178  20:29  Dark Templar x5  
  178  20:30  Dark Templar x2  
  198  20:48  Photon Cannon  
  196  20:50  Photon Cannon  
  196  20:53  Shield Battery, Photon Cannon  
  196  20:55  Shield Battery  
  194  20:57  Shield Battery  
  194  21:03  Tempest  
  197  21:14  Probe  
  176  21:51  Tempest x2 (Chrono Boost)  
  179  21:56  Mothership (Chrono Boost)  
  179  21:58  Tempest (Chrono Boost)  
  183  22:05  Nexus  
  162  22:12  Dark Templar x2  
  162  22:13  Dark Templar x6  
  175  22:22  Warp Prism  
  175  22:23  Observer  
  175  22:28  Tempest x2 (Chrono Boost)  
  167  22:57  Tempest  
  160  23:07  Tempest x2  
  146  23:21  Zealot x10  
  141  23:43  Stalker x10  
Tags
 
Add a new tag
Caveats
  • Supply blocks, unpowered buildings, or Contaminate may cause inaccurate times.
  • Supply counts are checked every 10 seconds.